 Dungeon Crawl Stone Soup version 0.18.1-48-g4cf74bf (webtiles) character file.

1276 Heedrag the Carver (level 8, -22/71 HPs)
             Began as a Minotaur Fighter on Aug 4, 2016.
             Was a Follower of Okawaru.
             Annihilated by a hill giant
             ... wielding a +0 giant club
              (32 damage)
             ... on level 6 of the Dungeon.
             The game lasted 00:08:23 (5196 turns).

Heedrag the Carver (Minotaur Fighter)               Turns: 5196, Time: 00:08:25

Health: -22/71     AC: 10    Str: 23    XL:     8   Next: 29%
Magic:  7/7        EV:  7    Int:  5    God:    Okawaru [*.....]
Gold:   439        SH:  9    Dex: 10    Spells: 0 memorised, 7 levels left

rFire  . . .     SeeInvis .     a - +0 long sword
rCold  . . .     Gourm    .     b - +0 scale mail
rNeg   . . .     Faith    .     c - +0 shield
rPois  .         Spirit   .     (helmet restricted)
rElec  .         Dismiss  .     C - +0 cloak
rCorr  .         Reflect  .     (no gloves)
SustAt .         Harm     .     m - +0 pair of boots
MR     +....                    (no amulet)
Stlth  ..........               z - ring of protection from magic
                                o - ring of loudness (curse)

@: somewhat resistant to hostile enchantments, extremely unstealthy
A: retaliatory headbutt, horns 2
a: Heroism, Renounce Religion


You were on level 6 of the Dungeon.
You worshipped Okawaru.
Okawaru was aware of your devotion.
You were not hungry.

You visited 2 branches of the dungeon, and saw 7 of its levels.
You also visited: Ossuary.

You collected 439 gold pieces.

Inventory:

Hand Weapons
 a - a +0 long sword (weapon)
 y - a +1 dagger of holy wrath
 F - a +1 dagger of chaos
Armour
 b - a +0 scale mail (worn)
 c - a +0 shield (worn)
 m - a +0 pair of boots (worn)
 C - a +0 cloak (worn)
Jewellery
 o - a cursed ring of loudness (left hand)
 x - an uncursed ring of fire
 z - a ring of protection from magic (right hand)
 B - an uncursed ring of stealth
Wands
 v - a wand of disintegration (19/24)
 w - a wand of slowing (7/48)
 H - a wand of flame (21/48)
 I - a wand of random effects (19/48)
Scrolls
 e - 5 scrolls of remove curse {unknown}
 k - 2 scrolls of amnesia {unknown}
 n - 8 scrolls of identify {unknown}
 r - a scroll of enchant armour {unknown}
 s - 2 scrolls of fog {unknown}
Potions
 d - a potion of invisibility {unknown}
 g - a potion of flight {unknown}
 i - a potion of lignification {unknown}
 j - 2 potions of cure mutation {unknown}
 q - a potion of brilliance {unknown}
 t - a potion of agility {unknown}
 u - a potion of magic {unknown}
 A - 2 potions of curing {unknown}
 D - a potion of berserk rage {unknown}
Comestibles
 f - 5 bread rations
 E - a royal jelly
 G - a chunk of flesh


   Skills:
 + Level 6.8 Fighting
 * Level 9.2 Long Blades
 + Level 6.7 Armour
 - Level 3.6 Shields


You had 7 spell levels left.
You didn't know any spells.

Dungeon Overview and Level Annotations

Branches:
Dungeon (6/15)             Temple (1/1) D:4

Altars:
Ashenzari
Cheibriados
Dithmenos
Elyvilon
Fedhas
Gozag
Kikubaaqudgha
Makhleb
Nemelex Xobeh
Okawaru
Pakellas
Qazlal
Ru
Sif Muna
Trog
Vehumet
Xom
Zin
The Shining One


Innate Abilities, Weirdness & Mutations

You reflexively headbutt those who attack you in melee.
You have a pair of horns on your head.


Message History

f - 5 bread rations (gain'd 1) Read which item? (? fer menu, 'sc ta quit) As ye read tha scroll labeled BAINNURYUD, it crumbles ta dust.
It be a scroll o' rechargin'.
Charge which item? (? fer menu, 'sc ta quit) Yer wand o' disintegration glows fer a momn't.
Read which item? (? fer menu, 'sc ta quit) As ye read tha scroll labeled OSMEDADW PAYCS, it crumbles ta dust.
Ye hear a loud clangin' noise!
It was a scroll o' noise.
Ye hear a shout! x6
Read which item? (? fer menu, 'sc ta quit) As ye read tha scroll labeled XIUKUN 'SEJ, it crumbles ta dust.
Ye feel aware o' yer surroundin's.
Ye sensed 2 altars, an' 1 shop/portal.
It was a scroll o' magic mappin'.
A hill giant comes inta view.
It be wieldin' a giant club.
Tha hill giant hits ye wit' a giant club!!
* * * LOW HITPOINT WARNIN'
* * * Tha hill giant hits ye wit' a giant club!!
Ye die...

##.###..###.....#******
.........)......##
...#...####...#..###
.....### ######...#
#...## ###.#
.....#******######.#####
........,,,,,...##.....#
........,,,,,*#C######.#
...?.....,,,,,#.@...##.##
.........,,,,,#####.....#
*##.....,,,,,,****####..#
*≈**,,,,,,,,,,,,,,,* ####
≈≈≈*,,,,,,,,,,,,,,,*
≈≈≈*,,,,,,,,,,******
*≈**,,,,,,,,,**
*≈*,,,*,,,,,**
*≈***********


You could see a hill giant.

Vanquished Creatures
  Grinder (D:5)
  Menkaure (D:5)
  The ghost of Elystan the Vexing, an amateur DEAM of Ashenzari (Ossuary)
  An ogre (D:6)
  2 elf zombies (Ossuary)
  A howler monkey (D:4)
  2 centaur zombies (Ossuary)
  2 crimson imps (D:5)
  A human zombie (Ossuary)
  3 worker ants
  Ijyb (D:3)
  3 iguanas
  An orc wizard (D:3)
  2 big kobold zombies (Ossuary)
  2 hound zombies (Ossuary)
  3 mummies (Ossuary)
  5 adders
  4 adder zombies (Ossuary)
  4 worms
  2 dart slugs
  3 giant geckos
  6 orcs
  6 bats
  5 giant cockroaches
  8 hobgoblins
  15 jackals
  2 giant newts
  3 gnoll zombies (Ossuary)
  6 goblins
  2 goblin zombies (Ossuary)
  5 hobgoblin zombies (Ossuary)
  A jackal skeleton (D:4)
  2 jackal zombies (Ossuary)
  3 kobolds
  5 kobold zombies (Ossuary)
  2 orc zombies (Ossuary)
  2 quokka zombies (Ossuary)
  9 rats
  2 rat zombies (Ossuary)
129 creatures vanquished.

Notes
Turn   | Place    | Note
--------------------------------------------------------------
     0 | D:1      | Heedrag the Minotaur Fighter began the quest for the Orb.
     0 | D:1      | Reached XP level 1. HP: 19/19 MP: 0/0
   105 | D:1      | Reached skill level 3 in Long Blades
   141 | D:1      | Reached XP level 2. HP: 25/26 MP: 1/1
   458 | D:1      | Reached skill level 4 in Long Blades
   797 | D:2      | Reached XP level 3. HP: 31/31 MP: 2/2
  1042 | D:2      | Reached skill level 5 in Long Blades
  1679 | D:3      | Reached XP level 4. HP: 36/39 MP: 3/3
  2127 | D:3      | Noticed Ijyb
  2134 | D:3      | Killed Ijyb
  2134 | D:3      | Reached XP level 5. HP: 45/46 MP: 4/4
  2585 | D:4      | Found a sand-covered staircase.
  2589 | Ossuary  | Entered an ossuary
  2594 | Ossuary  | Noticed Elystan's ghost (amateur DEAM)
  2608 | Ossuary  | HP: 2/46 [Elystan's ghost (9)]
  2610 | Ossuary  | Killed Elystan's ghost
  2610 | Ossuary  | Reached skill level 6 in Long Blades
  2610 | Ossuary  | Reached XP level 6. HP: 3/53 MP: 5/5
  2998 | Ossuary  | Reached skill level 5 in Fighting
  3009 | Ossuary  | Reached skill level 5 in Armour
  3016 | Ossuary  | Reached skill level 7 in Long Blades
  3111 | Ossuary  | Reached XP level 7. HP: 37/61 MP: 6/6
  3544 | D:4      | Found a staircase to the Ecumenical Temple.
  3634 | Temple   | Entered the Ecumenical Temple
  3647 | Temple   | Became a worshipper of Warmaster Okawaru
  4205 | D:5      | Entered Level 5 of the Dungeon
  4213 | D:5      | Noticed Menkaure
  4220 | D:5      | Killed Menkaure
  4220 | D:5      | Reached skill level 8 in Long Blades
  4388 | D:5      | Noticed Grinder
  4395 | D:5      | Killed Grinder
  4395 | D:5      | Reached XP level 8. HP: 66/71 MP: 7/7
  4847 | D:5      | Found a sacrificial altar of Ru.
  4891 | D:5      | Found a shimmering altar of Xom.
  4940 | D:5      | Reached skill level 9 in Long Blades
  5059 | D:6      | HP: 2/71 [ogre/giant club (23)]
  5062 | D:6      | Reached * piety under Okawaru
  5194 | D:6      | Noticed a hill giant
  5196 | D:6      | Annihilated by a hill giant

Skill      XL: |  1  2  3  4  5  6  7  8 |
---------------+-------------------------+-----
Long Blades    | 3 4 5 6 7 8 9 |  9.2
Fighting       | 4 5 6 |  6.8
Armour         | 4 5 6 |  6.7
Shields        | |  3.6

Action                   |  1- 3 |  4- 6 |  7- 9 || total
-------------------------+-------+-------+-------++-------
Melee: Long sword        |    96 |   180 |   117 ||   393
       Headbutt          |    21 |    39 |    25 ||    85
  Use: Potion            |       |     1 |       ||     1
       Scroll            |       |       |     3 ||     3
  Eat: Chunk             |     2 |     3 |     4 ||     9
       Meat ration       |       |     1 |       ||     1
Armor: Scale mail        |    32 |    73 |    24 ||   129
Dodge: Dodged            |    32 |    50 |    14 ||    96
Block: Shield            |    39 |    68 |    40 ||   147
